 Dungeon Crawl Stone Soup version 0.14.1-23-g35e4e54 (webtiles) character file.

3390 Christof the Basher (level 9, 0/78 HPs)
             Began as a Minotaur Fighter on June 12, 2014.
             Was a Priest of Okawaru.
             Succumbed to a manticore's barbed spikes
             ... on Level 8 of the Dungeon.
             The game lasted 01:27:49 (6370 turns).

Christof the Basher (Minotaur Fighter)              Turns: 6370, Time: 01:27:49

HP   0/78        AC 19     Str 22      XL: 9   Next: 60%
MP  13/13        EV  6     Int 13      God: Okawaru [***...]
Gold 282         SH 23     Dex  9      Spells:  0 memorised,  8 levels left

rFire  . . .     SeeInvis .     Q - +1,+2 flail (protect)
rCold  . . .     Clarity  .     A - +0 chain mail
rNeg   . . .     Conserve .     c - +0 shield
rPois  .         rCorr    .     k - +2 hat
rElec  .         rRot     .     (no cloak)
SustAb . .       Spirit   .     (no gloves)
rMut   .         Warding  .     f - +0 pair of boots
Saprov . . .     Stasis   .     (no amulet)
MR     .....                    (no ring)
                                m - ring of magical power

@: brilliant, not resistant to hostile enchantments, extremely unstealthy
A: retaliatory headbutt, horns 2
a: Heroism, Renounce Religion


You were on level 8 of the Dungeon.
You worshipped Okawaru.
Okawaru was most pleased with you.
You were very hungry.

You visited 2 branches of the dungeon, and saw 9 of its levels.
You also visited: Sewer.

You collected 282 gold pieces.

Inventory:

Hand weapons
 a - a +0,+0 flail
 Q - a +1,+2 flail of protection (weapon)
Missiles
 D - 5 tomahawks (quivered)
Armour
 b - a +0 scale mail
 c - a +0 shield (worn)
 f - a +0 pair of boots (worn)
 k - a +2 hat (worn)
 A - a +0 chain mail (worn)
 C - a +0 ring mail
Magical devices
 j - a wand of polymorph (17) {unknown}
Comestibles
 d - 4 bread rations
 O - a meat ration
 P - 2 honeycombs
Scrolls
 g - 2 scrolls of remove curse
 h - 2 scrolls of immolation {unknown}
 n - 4 scrolls of enchant armour {unknown}
 q - 4 scrolls of identify {unknown}
 s - 3 scrolls of magic mapping {unknown}
 v - 3 scrolls of random uselessness {unknown}
 x - 3 scrolls of amnesia {unknown}
 E - 2 scrolls of fear {unknown}
 F - a scroll of enchant weapon II {unknown}
 I - 2 scrolls of fog {unknown}
 J - 2 scrolls of teleportation {unknown}
 K - 2 scrolls of recharging {unknown}
 N - 2 scrolls of blinking {unknown}
Jewellery
 m - a ring of magical power (left hand)
Potions
 e - a potion of degeneration {unknown}
 i - 2 potions of haste {unknown}
 l - 4 potions of heal wounds {unknown}
 o - 2 potions of magic {unknown}
 p - 2 potions of lignification {unknown}
 r - 3 potions of restore abilities {unknown}
 t - a potion of resistance {unknown}
 u - a potion of agility {unknown}
 w - 3 potions of poison {unknown}
 z - 2 potions of curing
 B - 3 potions of brilliance
 L - 2 potions of confusion {unknown}
 M - 2 potions of might
Books
 G - a book of Changes

   Spells                             Type                      Level
   Beastly Appendage                  Transmutation                1
   Sticks to Snakes                   Transmutation                2
   Spider Form                        Transmutation/Poison         3
   Ice Form                           Ice/Transmutation            4
   Blade Hands                        Transmutation                5


   Skills:
 + Level 6.4 Fighting
 * Level 10.7 Maces & Flails
 + Level 7.4 Armour
 + Level 9.6 Shields


You had 8 spell levels left.
You didn't know any spells.

Dungeon Overview and Level Annotations

Branches:
Dungeon (8/15)             Temple (1/1) D:5
   Lair: D:8-11

Altars:
Ashenzari
Cheibriados
Dithmenos
Elyvilon
Fedhas
Kikubaaqudgha
Makhleb
Nemelex Xobeh
Okawaru
Sif Muna
Trog
Vehumet
Xom
Yredelemnul
Zin
The Shining One


Innate Abilities, Weirdness & Mutations

You reflexively headbutt those who attack you in melee.
You have a pair of horns on your head.


Message History

You block the centaur zombie's attack.
You are too injured to fight recklessly!
You feel better. The centaur zombie barely misses you. The manticore bites you.
* * * LOW HITPOINT WARNING * * *
The manticore claws you but does no damage. x2
You block the centaur zombie's attack.
You feel better. The manticore bites you!
* * * LOW HITPOINT WARNING * * *
The manticore claws you but does no damage.
The manticore claws you.
* * * LOW HITPOINT WARNING * * *
You block the centaur zombie's attack.
You are too injured to fight recklessly!
The barbed spikes dig painfully into your body as you move.
* * * LOW HITPOINT WARNING * * *
The barbed spikes dig painfully into your body as you move.
* * * LOW HITPOINT WARNING * * *
You block the centaur zombie's attack.
The barbed spikes dig painfully into your body as you move.
You die...

#.. #..........##.### #.#
####..##..........##.# #.#
#..................##.# #.#
#..............(...##.# #.#
#..................##.#######>#
#........#####.######.#........
#.....%..# #.# #.#........
#####$...#####.######.#........
#.......Z.@....(...........
#....#..H..######.#........
#....#.....# #.#........
##.###.....# #.#....().. #.
#.....# #.#........ #. #.....#
#.#........ #.
#.....######.#........
.###............#########
.........########


You could see a manticore and a centaur zombie.

Vanquished Creatures
  Pikel (D:5)
  The ghost of heinrich the Magician, an average VSIE (D:3)
  Eustachio (D:5)
  A necrophage (D:8)
  2 sky beasts
  A slave (D:5)
  3 black bears
  An ogre (D:5)
  A phantom (D:4)
  2 centaurs
  Sigmund (D:5)
  Blork the orc (D:7)
  3 giant frogs
  3 scorpions
  3 crimson imps
  2 goliath beetles (D:6)
  A jelly (D:7)
  6 worker ants
  5 hounds
  2 orc priests
  An orc wizard (D:6)
  Natasha (thrice) (D:3)
  14 adders
  3 giant mites
  5 green rats
  A shadow imp (D:7)
  8 worms
  A giant eyeball (D:4)
  3 giant geckos
  3 oozes
  15 orcs
  7 bats
  A bat skeleton (D:5)
  7 giant cockroaches
  7 hobgoblins
  4 jackals (D:3)
  12 kobolds
  A quokka (D:4)
  14 ball pythons
  8 giant newts
  A giant newt skeleton (D:4)
  A giant spore (D:8)
  11 goblins
  A hobgoblin zombie (D:6)
  42 rats
  A rat zombie (D:7)
  4 ballistomycetes (D:8)
220 creatures vanquished.

Vanquished Creatures (others)
  A slave (D:5)
1 creature vanquished.

Grand Total: 221 creatures vanquished

Notes
Turn   | Place    | Note
--------------------------------------------------------------
     0 | D:1      | Christof, the Minotaur Fighter, began the quest for the Orb.
     0 | D:1      | Reached XP level 1. HP: 19/19 MP: 1/1
   193 | D:1      | Reached skill level 4 in Armour
   194 | D:1      | Reached XP level 2. HP: 24/27 MP: 1/1
   875 | D:2      | Reached XP level 3. HP: 29/33 MP: 2/2
  1397 | D:3      | Reached XP level 4. HP: 33/40 MP: 2/2
  1570 | D:3      | Reached XP level 5. HP: 42/47 MP: 2/2
  1665 | D:3      | Noticed heinrich's ghost (average VSIE)
  1677 | D:3      | Killed heinrich's ghost
  1677 | D:3      | Reached skill level 5 in Maces & Flails
  1677 | D:3      | Reached skill level 5 in Armour
  1677 | D:3      | Reached skill level 5 in Shields
  1677 | D:3      | Reached XP level 6. HP: 37/53 MP: 3/3
  1680 | D:3      | Noticed Natasha
  1687 | D:3      | Killed Natasha
  1868 | D:3      | Noticed Natasha
  1873 | D:3      | Killed Natasha
  2107 | D:3      | Noticed Natasha
  2135 | D:3      | Killed Natasha
  2658 | D:4      | Paralysed by a giant eyeball for 2 turns
  3124 | D:5      | Entered Level 5 of the Dungeon
  3160 | D:5      | Reached skill level 6 in Maces & Flails
  3318 | D:5      | Reached XP level 7. HP: 52/60 MP: 3/3
  3331 | D:5      | Noticed Eustachio
  3355 | D:5      | Killed Eustachio
  3362 | D:5      | Found a staircase to the Ecumenical Temple.
  3391 | Temple   | Entered the Ecumenical Temple
  3435 | Temple   | Became a worshipper of Warmaster Okawaru
  3697 | D:5      | Reached skill level 5 in Fighting
  3732 | D:5      | Noticed Sigmund
  3740 | D:5      | Killed Sigmund
  3740 | D:5      | Reached skill level 7 in Maces & Flails
  3745 | D:5      | Found a glowing drain.
  3765 | Sewer    | Entered a sewer
  4099 | Sewer    | Reached XP level 8. HP: 66/68 MP: 3/3
  4254 | D:5      | Noticed Pikel
  4285 | D:5      | Killed Pikel
  4285 | D:5      | Acquired Okawaru's first power
  4285 | D:5      | Reached skill level 8 in Maces & Flails
  4371 | D:5      | Reached skill level 9 in Maces & Flails
  4692 | D:5      | Found a shattered altar of Ashenzari.
  4795 | D:6      | Reached XP level 9. HP: 53/75 MP: 4/4
  5719 | D:7      | Reached skill level 10 in Maces & Flails
  5818 | D:7      | Noticed Blork the orc
  5830 | D:7      | Killed Blork the orc
  6344 | D:8      | Noticed a manticore
  6369 | D:8      | HP: 3/78 [barbs]
  6370 | D:8      | Succumbed to a manticore's barbed spikes

Action                   |  1- 3 |  4- 6 |  7- 9 || total
-------------------------+-------+-------+-------++-------
Melee: Flail             |   108 |   182 |   527 ||   817
Throw: Tomahawk          |       |     2 |       ||     2
  Use: Scroll            |     1 |     1 |       ||     2
       Potion            |       |     1 |     4 ||     5
